 Dungeon Crawl Stone Soup version 0.15.2 (webtiles) character file.

1281 GhostOklob the Basher (level 8, -1/68 HPs)
             Began as a Deep Dwarf Berserker on Nov 7, 2015.
             Was a Priest of Trog.
             Slain by a kobold (2 damage)
             ... on Level 7 of the Dungeon.
             The game lasted 00:06:34 (3978 turns).

GhostOklob the Basher (Deep Dwarf Berserker)        Turns: 3978, Time: 00:06:34

HP  -1/68        AC  0     Str 20      XL: 8   Next: 29%
MP   6/6         EV 12     Int  9      God: Trog [***...]
Gold 319         SH  0     Dex 14      Spells:  0 memorised,  7 levels left

rFire  . . .     SeeInvis .     u - +0 hunting sling
rCold  . . .     Clarity  .     (no armour)
rNeg   . . .     rCorr    .     (no shield)
rPois  .         rRot     .     (no helmet)
rElec  .         Spirit   .     (no cloak)
SustAb .         Warding  .     (no gloves)
rMut   .         Stasis   .     (no boots)
Gourm  .                        (no amulet)
MR     +....                    (no ring)
                                (no ring)

@: non-regenerating, somewhat resistant to hostile enchantments, very unstealthy
A: damage resistance, recharge devices, sense surroundings 1, slow healing 3
a: Device Recharging, Burn Spellbooks, Berserk, Trog's Hand, Renounce Religion


You were on level 7 of the Dungeon.
You worshipped Trog.
Trog was most pleased with you.
You were very hungry.

You visited 1 branch of the dungeon, and saw 7 of its levels.

You collected 319 gold pieces.


Innate Abilities, Weirdness & Mutations

You are resistant to damage.
You can recharge devices by infusing magical energy.
You passively map a small area around you.
You do not heal naturally.


   Skills:
 + Level 2.6 Fighting
   Level 10.4 Maces & Flails
 - Level 2.1 Armour
 - Level 2.1 Dodging


You had 7 spell levels left.
You didn't know any spells.

Inventory:

Hand weapons
 u - a +0 hunting sling (weapon)
Missiles
 f - 6 curare-tipped needles {=f}
 i - 15 poisoned needles
Armour
 b - a +0 animal skin
 q - a +0 ring mail
 v - a +0 chain mail
Magical devices
 c - a wand of heal wounds (0) {!d@v2}
 s - a wand of disintegration (13)
 x - a wand of draining (3) {unknown}
Comestibles
 d - 2 bread rations
 w - 2 meat rations
Scrolls
 e - 6 scrolls of identify {unknown}
 j - 2 scrolls of remove curse {unknown}
 k - 2 scrolls of recharging {unknown}
 l - a scroll of noise {unknown}
 m - 3 scrolls of random uselessness {unknown}
Jewellery
 r - a +5 ring of strength {unknown}
Potions
 g - 2 potions of agility {unknown}
 h - 3 potions of curing {@q1}
 n - a potion of invisibility {unknown}
 p - a potion of restore abilities {unknown}
 t - 2 potions of magic {unknown}
 z - a potion of brilliance {unknown}

Dungeon Overview and Level Annotations

Branches:
Dungeon (7/15)             Temple (0/1) D:7

Altars:
Kikubaaqudgha
Zin

Shops:
D:6 ?

Annotations:
D:5 Menkaure

K........#£..##......#.........
..8.8.8...#...........#......#)#
+...⌠.⌠....#...##......#......#..
...8K>.8..##...##......'......#(.
....⌠.⌠...#....##......#.....(#(.
...8.8.8..#....####'####......'..
.......(..#....#.).....#......#..
./........#....#.......+......#..
..........%...(Kg......#......#..
..........#....####...##......##+
+#........#'#### ###+###+##.....
,#........#.......#... #...'.....
+........#.......#....+...#.....
,#£.......+.......+....#...#.....
........#####+###...##..##.....
........ * *#...##..#......
........ #....(..#......


You could see a kobold.


Message History

You swing at nothing.
The kobold hits you.
You swing at nothing.
The kobold hits you. The kobold misses you.
You swing at nothing.
The kobold barely misses you.
You swing at nothing.
The kobold hits you.
* * * LOW HITPOINT WARNING * * *
The kobold hits you.
* * * LOW HITPOINT WARNING * * *
You swing at nothing.
The kobold hits you.
* * * LOW HITPOINT WARNING * * *
You swing at nothing.
The kobold closely misses you. The kobold closely misses you.
You swing at nothing.
The kobold hits you.
You swing at nothing.
The kobold hits you.
* * * LOW HITPOINT WARNING * * *
The kobold barely misses you.
You swing at nothing.
The kobold misses you.
You swing at nothing.
The kobold barely misses you. The kobold misses you.
You swing at nothing.
The kobold hits you.
You swing at nothing.
The kobold hits you. The kobold hits you.
* * * LOW HITPOINT WARNING * * *
You swing at nothing.
The kobold barely misses you.
You swing at nothing.
The kobold closely misses you. The kobold hits you.
* * * LOW HITPOINT WARNING * * *
You swing at nothing.
The kobold completely misses you.
You swing at nothing.
The kobold misses you. The kobold misses you.
You swing at nothing.
The kobold misses you.
You swing at nothing.
The kobold hits you.
* * * LOW HITPOINT WARNING * * *
The kobold hits you.
You die...

Action                   |  1- 3 |  4- 6 |  7- 9 || total
-------------------------+-------+-------+-------++-------
Melee: Mace              |   101 |   221 |   152 ||   474
Invok: Berserk           |       |     2 |     2 ||     4
       Trog's Hand       |       |     1 |     1 ||     2
 Abil: Device Recharging |       |     2 |       ||     2
Evoke: Wand              |     1 |     9 |     6 ||    16
  Use: Potion            |       |     1 |       ||     1
  Eat: Beef jerky        |       |     1 |       ||     1
       Chunk             |       |     6 |       ||     6
       Bread ration      |       |     1 |       ||     1
       Royal jelly       |       |       |     1 ||     1

Vault maps used:
D:1:      elethiomel_arrival_infinity_welcomes_careful_drivers
D:2:      first_bread, minmay_cupped
D:3:      lemuel_crystal_altar, columned_hall_lemuel
D:4:      st_stairs_9
D:5:      uniq_menkaure
D:6:      zin_treasury, serial_shops, nicolae_shop_stone, minmay_ogre_servants
D:7:      grunt_temple_overflow_cloverleaf,
          minmay_temple_entry_statues_fountains, uniq_iyjb, uniq_blork_the_orc

Notes
Turn   | Place    | Note
--------------------------------------------------------------
     0 | D:1      | GhostOklob, the Deep Dwarf Berserker, began the quest for the Orb.
     0 | D:1      | Reached XP level 1. HP: 20/20 MP: 1/1
   579 | D:2      | Reached XP level 2. HP: 22/27 MP: 2/2
   784 | D:2      | Reached skill level 4 in Maces & Flails
   928 | D:2      | Reached XP level 3. HP: 25/33 MP: 3/3
   937 | D:2      | Acquired Trog's second power
  1225 | D:3      | Reached XP level 4. HP: 38/40 MP: 4/4
  1331 | D:3      | Reached skill level 5 in Maces & Flails
  1418 | D:3      | Found an ancient bone altar of Kikubaaqudgha.
  1636 | D:4      | Reached XP level 5. HP: 44/46 MP: 5/5
  1667 | D:4      | Noticed a phantom
  1751 | D:4      | Killed a phantom
  1751 | D:4      | Reached skill level 6 in Maces & Flails
  2012 | D:4      | Noticed an ogre
  2018 | D:4      | Killed an ogre
  2018 | D:4      | Reached skill level 7 in Maces & Flails
  2018 | D:4      | Reached XP level 6. HP: 55/55 MP: 6/6
  2298 | D:5      | Entered Level 5 of the Dungeon
  2967 | D:5      | Noticed Menkaure
  3096 | D:6      | Reached skill level 8 in Maces & Flails
  3096 | D:6      | Reached XP level 7. HP: 37/61 MP: 5/5
  3318 | D:6      | Reached skill level 9 in Maces & Flails
  3423 | D:6      | Found a glowing silver altar of Zin.
  3441 | D:6      | Found Wibribob's Magic Scroll Boutique.
  3687 | D:7      | Reached XP level 8. HP: 35/68 MP: 6/6
  3737 | D:7      | Reached skill level 10 in Maces & Flails
  3833 | D:7      | Found a staircase to the Ecumenical Temple.
  3968 | D:7      | HP: 5/68 [kobold (3)]
  3974 | D:7      | HP: 2/68 [kobold (1)]
  3978 | D:7      | Slain by a kobold

Vanquished Creatures
  2 orc warriors
  A sky beast (D:6)
  A phantom (D:4)
  2 centaurs
  2 ogres
  An ice beast (D:7)
  2 scorpions
  A goliath beetle (D:6)
  3 hounds
  A giant frog skeleton (D:7)
  An iguana (D:5)
  A worker ant (D:5)
  2 orc wizards
  A hound skeleton (D:7)
  8 adders
  2 giant mites
  A worm (D:3)
  2 oozes
  12 orcs
  A ball python (D:2)
  A bat skeleton (D:4)
  2 giant cockroaches
  2 goblins
  8 hobgoblins
  2 quokkas
  8 bats
  A giant gecko zombie (D:5)
  3 giant newts
  10 kobolds
  10 rats
  2 rat skeletons
96 creatures vanquished.
